Map: [ESL] Equilibrium

Players

Clem - Winner!

  • Race: Terran Terran
  • Spawn Location: 1:00

Dark

  • Race: Zerg Zerg
  • Spawn Location: 11:00

Event: ESL SC2 Masters 2023 Winter (Finals)

VOD

Have the link to the VOD?

Description

Time

  • Played on: Dec. 17, 2023, 5:51 p.m.
  • Length: 21:01

All games in this series

Show
View Real Time Build Order
Export as new Build Order

Clem Terran - Winner!

Build Orders: Liberator Opening, Reaper Expand 

Get SALT Encoding   

  12  0:00  SCV  
  13  0:12  SCV  
  14  0:16  Supply Depot  
  14  0:24  SCV  
  15  0:38  SCV  
  15  0:39  Barracks  
  16  0:43  Refinery  
  16  0:50  SCV  
  17  1:02  SCV  
  18  1:14  SCV  
  19  1:26  Orbital Command, Reaper  
  20  1:37  Command Center  
  20  1:45  Supply Depot  
  20  1:52  SCV  
  21  1:57  Marine  
  22  2:09  Factory  
  22  2:10  SCV  
  23  2:20  Barracks Reactor  
  23  2:22  SCV  
  24  2:34  SCV  
  25  2:45  Command Center  
  25  2:46  SCV  
  25  2:50  Orbital Command  
  26  2:58  Starport  
  26  3:01  Hellion  
  26  3:03  SCV  
  29  3:08  Hellion  
  31  3:12  Refinery  
  31  3:15  SCV  
  31  3:17  SCV  
  33  3:20  Marine  
  34  3:27  SCV  
  34  3:29  Hellion, SCV  
  34  3:32  Hellion  
  40  3:40  Liberator  
  43  3:42  SCV x2  
  45  3:52  Barracks Tech Lab  
  45  3:54  SCV  
  46  3:56  SCV  
  46  3:57  Hellion x2  
  46  3:58  Orbital Command  
  51  4:04  Supply Depot  
  51  4:06  SCV  
  52  4:10  SCV  
  52  4:13  Stimpack  
  53  4:18  Hellion, SCV  
  53  4:21  Hellion  
  53  4:22  SCV  
  59  4:25  SCV  
  59  4:28  Supply Depot  
  59  4:30  Starport Reactor, SCV  
  61  4:32  Barracks  
  61  4:33  Marine  
  61  4:34  SCV  
  61  4:37  Barracks  
  63  4:40  Orbital Command  
  63  4:42  SCV  
  63  4:44  Refinery  
  64  4:51  Marine, Supply Depot  
  65  4:53  Cyclone x2  
  65  4:56  Bunker  
  69  5:01  SCV x2, Engineering Bay  
  69  5:07  SCV  
  67  5:09  Marine  
  67  5:13  SCV, Supply Depot x2  
  69  5:18  Starport Reactor  
  69  5:19  SCV  
  69  5:20  SCV  
  70  5:25  Cyclone x2, SCV  
  70  5:27  Marine  
  70  5:28  Marine x2  
  76  5:31  SCV  
  76  5:33  SCV  
  76  5:35  Barracks Reactor  
  79  5:36  Refinery  
  79  5:37  SCV  
  79  5:42  Engineering Bay x2  
  78  5:43  SCV  
  78  5:45  Marine, SCV  
  78  5:47  Supply Depot  
  78  5:49  Marine, SCV  
  80  5:52  Marine  
  80  5:55  SCV  
  76  5:57  SCV  
  76  6:01  Combat Shield, Supply Depot  
  76  6:03  Marine  
  76  6:04  SCV  
  79  6:07  SCV, Marine  
  79  6:09  Terran Infantry Weapons Level 1, Marine, Terran Infantry Armor Level 1, SCV  
  79  6:10  Factory Tech Lab  
  83  6:12  Supply Depot  
  83  6:13  Marine x2  
  83  6:15  Medivac  
  83  6:16  SCV  
  83  6:17  Medivac  
  90  6:21  SCV  
  90  6:22  SCV  
  90  6:24  Barracks  
  92  6:26  Barracks  
  92  6:28  SCV  
  92  6:31  Siege Tank  
  92  6:32  Marine x2  
  96  6:34  Marine  
  96  6:35  Marine  
  96  6:36  SCV  
  96  6:39  SCV, Supply Depot  
  102  6:41  SCV  
  102  6:43  Marine  
  104  6:48  SCV  
  104  6:51  SCV, Refinery x2  
  104  6:53  Factory, SCV, Supply Depot  
  107  6:54  Marine  
  107  6:55  Supply Depot, Marine  
  107  6:56  Marine  
  110  7:02  Armory, Marine x2  
  110  7:04  SCV  
  110  7:06  Medivac x2  
  117  7:09  Supply Depot  
  117  7:13  Marine  
  118  7:16  Marine  
  118  7:17  Marine, Supply Depot  
  118  7:19  Barracks Reactor x2  
  120  7:28  Marine  
  119  7:33  Marine  
  115  7:40  Siege Tank, Factory Tech Lab, Medivac x2  
  115  7:42  Marine x2  
  118  7:45  Marine  
  118  7:46  Command Center  
  118  7:47  Barracks, Marine  
  118  7:48  Barracks  
  118  7:49  Barracks  
  118  7:50  Marine  
  119  7:54  Terran Vehicle Weapons Level 1  
  119  7:56  Marine x4  
  123  7:59  Siege Tank  
  123  8:00  Marine  
  123  8:04  Marine  
  128  8:06  Terran Infantry Weapons Level 2, Supply Depot  
  128  8:08  Marine  
  128  8:10  Terran Infantry Armor Level 2  
  128  8:11  Marine  
  128  8:14  Marine x3  
  128  8:19  Missile Turret  
  130  8:20  SCV x2  
  130  8:21  SCV  
  130  8:22  Marine x2  
  130  8:24  Siege Tank  
  132  8:28  Marine x2  
  132  8:30  Marine  
  132  8:32  SCV  
  132  8:33  SCV x2  
  138  8:34  Missile Turret  
  138  8:35  Missile Turret, Marine x2  
  138  8:37  Marine x2  
  138  8:39  Marine x2  
  144  8:41  Marine  
  144  8:44  Siege Tank  
  144  8:46  Marine  
  144  8:47  SCV x2  
  151  8:49  Marine  
  151  8:50  Marine x3  
  151  8:53  Marine  
  151  8:55  SCV, Supply Depot  
  157  8:57  Supply Depot, Marine x4  
  161  9:04  Siege Tank, Marine x2  
  161  9:06  Marine  
  167  9:11  Marine x2  
  167  9:13  SCV  
  167  9:16  Missile Turret  
  169  9:17  Medivac  
  169  9:18  Marine  
  169  9:21  Siege Tank, Marine x3  
  169  9:22  Marine x5  
  169  9:24  Planetary Fortress, Marine  
  175  9:29  Marine x2  
  173  9:36  Marine  
  173  9:37  Medivac  
  173  9:38  Siege Tank  
  157  9:39  Marine x3  
  157  9:40  Marine  
  157  9:41  Marine  
  157  9:42  Marine  
  157  9:43  Marine  
  157  9:44  Marine  
  157  9:45  Marine  
  157  9:47  Medivac, Marine  
  157  9:48  Marine  
  159  9:53  Siege Tank  
  159  9:54  Missile Turret, Marine, SCV x3  
  159  9:57  Marine  
  159  9:58  Terran Vehicle Weapons Level 2  
  159  9:59  Unknown  
  167  10:03  Barracks Tech Lab x3  
  167  10:04  Marine  
  167  10:05  Marauder, Marine, SCV  
  167  10:06  SCV x3  
  175  10:07  Medivac  
  175  10:09  Marine x2  
  175  10:10  Marine  
  175  10:12  Marine  
  181  10:15  Marine  
  181  10:16  Marine  
  181  10:17  SCV, Medivac  
  181  10:18  SCV  
  187  10:24  Siege Tank, Marine x2  
  187  10:28  Marine x4  
  195  10:29  Marine, Marauder  
  187  10:37  Medivac  
  187  10:38  Command Center  
  187  10:41  Marine  
  184  10:44  Siege Tank  
  184  10:47  Marine, Medivac  
  184  10:48  Marine x3  
  184  10:49  Marine x2  
  184  10:50  Marine  
  184  10:56  Marauder x2  
  176  10:58  Ghost Academy  
  176  11:02  Marine  
  170  11:05  Marine x2, Marauder x2  
  170  11:07  Medivac  
  170  11:11  Siege Tank, Sensor Tower  
  181  11:12  Marine  
  181  11:16  Terran Infantry Armor Level 3, Marine  
  181  11:17  Marine x2, Medivac  
  181  11:18  Marine x2  
  187  11:19  Marine  
  187  11:23  Marine  
  180  11:26  Siege Tank  
  180  11:28  Marine  
  180  11:29  Marine x2  
  180  11:30  Marine x2  
  153  11:34  Marine  
  153  11:35  Marine x2  
  153  11:36  Marauder, Marine  
  153  11:37  Marine, Medivac  
  149  11:41  Marine  
  149  11:45  Concussive Shells  
  144  11:47  Marine x2, Medivac  
  144  11:48  Siege Tank, Marauder x2  
  155  11:54  SCV  
  155  11:55  Command Center, SCV  
  155  11:56  SCV  
  155  11:59  Siege Tank, Marauder  
  155  12:00  Marine  
  164  12:07  Terran Infantry Weapons Level 3, Medivac  
  164  12:08  Marine x3  
  167  12:09  Marine  
  167  12:15  Planetary Fortress, Refinery x2  
  170  12:29  Siege Tank, Command Center  
  173  12:30  Marine, Marauder  
  175  12:37  Ghost  
  175  12:38  Ghost  
  175  12:40  Ghost  
  175  12:41  Command Center  
  179  12:45  Siege Tank  
  179  12:48  Medivac  
  179  12:49  Marine x2  
  179  12:50  Marine x3  
  165  12:51  Marauder  
  165  12:52  Marine  
  165  12:53  Marine x2  
  154  13:01  Medivac  
  154  13:03  Siege Tank  
  159  13:06  Marine  
  159  13:07  Marine x3  
  159  13:08  Marine x2  
  159  13:09  Marauder  
  167  13:13  Marauder  
  167  13:14  Command Center, Drilling Claws  
  169  13:20  Factory Reactor  
  169  13:24  Command Center, Marauder  
  171  13:28  Ghost  
  171  13:30  Ghost  
  175  13:34  Ghost  
  175  13:37  Widow Mine  
  174  13:44  Medivac x2  
  174  13:47  Marauder  
  180  13:49  Marine x2  
  180  13:50  Marine x3  
  180  13:52  Marine  
  180  13:53  Marine  
  180  13:55  Marine  
  182  13:56  Planetary Fortress  
  182  13:58  Widow Mine, Marauder  
  182  13:59  Marauder  
  182  14:00  Widow Mine x2  
  192  14:04  Marauder  
  192  14:06  Marine  
  192  14:08  Marauder  
  197  14:12  Fusion Core, Starport  
  197  14:14  Medivac x2  
  198  14:18  Orbital Command  
  198  14:19  Marauder  
  200  14:25  Command Center  
  200  14:29  Command Center  
  198  14:32  Command Center, Ghost  
  200  14:39  Terran Vehicle And Ship Armor Level 1  
  200  14:43  Armory  
  186  14:47  Medivac  
  186  14:49  Ghost  
  186  14:50  Ghost, Marine x2  
  192  14:55  Ghost, Widow Mine  
  192  14:56  Marine  
  192  14:57  Medivac  
  196  15:01  Marauder, Marine  
  196  15:02  Medivac  
  190  15:14  Siege Tank  
  190  15:17  Medivac  
  190  15:19  Marauder x2, SCV  
  182  15:21  SCV  
  182  15:23  SCV  
  182  15:26  Widow Mine  
  186  15:29  SCV  
  186  15:30  SCV  
  186  15:31  SCV  
  186  15:32  Marauder  
  186  15:34  Marine  
  191  15:41  Medivac, Widow Mine  
  195  15:46  Siege Tank  
  195  15:47  Starport Reactor  
  195  15:48  Advanced Ballistics  
  198  15:51  Planetary Fortress  
  198  15:52  Terran Ship Weapons Level 1  
  198  15:55  Missile Turret  
  198  15:56  Sensor Tower, Missile Turret, Medivac  
  200  16:11  Medivac, Widow Mine x2  
  190  16:12  Ghost x2  
  190  16:15  Ghost x2  
  190  16:16  Orbital Command  
  198  16:19  Widow Mine  
  189  16:26  Medivac  
  189  16:31  Marine  
  189  16:32  Widow Mine, Marine  
  195  16:35  Marine  
  195  16:39  Command Center  
  182  16:40  Ghost, Medivac, Refinery x2  
  182  16:41  Ghost  
  182  16:43  Ghost  
  182  16:45  Widow Mine  
  182  16:46  Marine x2  
  194  16:53  Marauder, Widow Mine, Marine x5  
  192  16:55  Liberator  
  192  16:56  Marine  
  192  17:01  Medivac  
  192  17:02  Widow Mine  
  192  17:04  Marine x2  
  188  17:10  Medivac, Marauder  
  188  17:11  Ghost  
  188  17:14  Widow Mine, Marine x2  
  185  17:18  Marauder  
  185  17:20  Marine  
  185  17:21  Marine  
  189  17:27  Marine x2  
  189  17:28  Widow Mine  
  189  17:29  Marine x2  
  174  17:31  Widow Mine  
  174  17:36  Widow Mine  
  169  17:39  Caduceus Reactor, Liberator  
  170  17:46  Starport  
  170  17:55  Liberator x2  
  170  17:57  Marauder  
  178  17:59  Marauder  
  178  18:03  Ghost  
  174  18:07  Widow Mine  
  174  18:08  Liberator, Marauder  
  174  18:11  Cyclone  
  172  18:13  Widow Mine  
  172  18:17  Terran Ship Weapons Level 2  
  172  18:18  Personal Cloaking, Marauder  
  171  18:28  Widow Mine  
  171  18:30  Marine, Marauder  
  171  18:34  Liberator  
  176  18:35  Widow Mine  
  176  18:38  Marine x2  
  176  18:39  Marine x4, Marauder x2  
  176  18:40  Marine x2  
  181  18:44  Widow Mine  
  181  18:48  Marine  
  180  18:49  Liberator x2  
  180  18:50  Liberator  
  185  18:56  Marine, Marauder  
  185  19:00  Marauder, Marine  
  189  19:04  Widow Mine  
  189  19:08  Planetary Fortress, Widow Mine  
  193  19:10  Missile Turret  
  193  19:13  Sensor Tower  
  191  19:21  Widow Mine  
  191  19:23  Liberator  
  195  19:31  Widow Mine  
  195  19:36  Marauder, Marine  
  195  19:37  Marauder  
  200  19:40  Starport Reactor  
  200  19:44  Command Center  
  200  19:45  Missile Turret, Refinery x2  
  200  19:47  Orbital Command  
  197  19:54  Command Center  
  197  20:13  Widow Mine  
  197  20:14  Marine  
  200  20:27  Widow Mine  
Show
View Real Time Build Order
Export as new Build Order

Dark Zerg 

Build Orders: Hatch First 

Get SALT Encoding   

  12  0:00  Drone  
  13  0:12  Overlord  
  13  0:17  Drone  
  14  0:31  Drone x2  
  16  0:48  Hatchery  
  15  0:51  Drone  
  15  0:55  Drone  
  17  0:58  Drone  
  18  1:08  Extractor  
  17  1:14  Spawning Pool  
  17  1:17  Drone  
  17  1:19  Drone  
  18  1:29  Drone  
  19  1:40  Drone  
  20  1:50  Drone  
  21  2:01  Queen x2  
  21  2:02  Zergling x4  
  27  2:12  Overlord  
  27  2:13  Drone  
  28  2:22  Hatchery  
  28  2:24  Drone  
  28  2:31  Drone  
  29  2:38  Queen  
  29  2:39  Drone  
  31  2:45  Overlord  
  31  2:47  Drone x2  
  34  2:58  Drone x2  
  35  3:07  Drone x2  
  35  3:12  Drone x3  
  40  3:13  Overlord  
  40  3:14  Drone x2  
  42  3:27  Roach Warren, Queen  
  42  3:32  Drone x2  
  45  3:36  Queen  
  45  3:38  Zergling x4  
  49  3:43  Drone x3  
  49  3:44  Drone  
  49  3:48  Extractor, Overlord  
  52  3:51  Drone x2  
  55  3:55  Drone  
  55  4:01  Overlord  
  55  4:09  Roach x5  
  65  4:20  Roach x3  
  65  4:21  Roach  
  73  4:25  Overlord  
  73  4:26  Overlord  
  73  4:33  Overlord  
  73  4:35  Lair  
  73  4:45  Drone x10  
  84  4:52  Drone  
  84  4:53  Drone x2  
  84  4:54  Drone  
  84  4:58  Roach  
  84  4:59  Roach x3  
  95  5:06  Drone x2  
  94  5:11  Drone  
  95  5:15  Drone x2  
  96  5:22  Ravager  
  96  5:23  Overlord  
  96  5:25  Overlord  
  97  5:29  Overlord  
  97  5:32  Overlord  
  97  5:36  Extractor x3, Overlord  
  97  5:37  Drone  
  97  5:38  Extractor  
  97  5:40  Drone x2  
  97  5:41  Drone  
  97  5:42  Drone  
  88  5:51  Drone x2  
  88  5:52  Drone  
  82  5:57  Spire  
  82  5:59  Drone x2  
  82  6:03  Glial Reconstitution  
  83  6:09  Hatchery  
  83  6:10  Drone x4  
  86  6:11  Drone, Hatchery  
  86  6:13  Drone x2, Evolution Chamber  
  86  6:15  Drone, Evolution Chamber  
  86  6:17  Roach x4  
  95  6:25  Roach x2  
  99  6:34  Roach x6  
  99  6:39  Baneling Nest  
  110  6:40  Hatchery  
  110  6:43  Queen  
  111  6:50  Zerg Melee Weapons Level 1, Zerg Ground Armor Level 1  
  111  6:58  Roach x2  
  111  6:59  Drone x2  
  111  7:00  Drone x3  
  121  7:01  Drone x2  
  122  7:23  Mutalisk x6  
  122  7:27  Roach x4  
  134  7:35  Drone x4  
  126  7:39  Drone  
  126  7:40  Drone x11  
  134  7:47  Overlord  
  134  7:49  Overlord  
  134  7:51  Overlord  
  134  7:52  Overlord x2  
  134  7:54  Metabolic Boost  
  134  7:58  Centrifugal Hooks  
  132  8:00  Zergling x12  
  137  8:06  Zergling x10  
  140  8:15  Drone x2  
  142  8:22  Zergling x20  
  150  8:28  Zergling x10  
  150  8:33  Drone x2  
  150  8:34  Drone x2  
  159  8:36  Queen  
  159  8:37  Queen x3  
  159  8:39  Zergling x2  
  168  8:43  Ravager x2  
  168  8:44  Ravager  
  168  8:45  Overlord x2  
  168  8:46  Overlord  
  171  8:58  Overlord  
  171  8:59  Overlord  
  171  9:02  Baneling x6  
  171  9:03  Baneling  
  171  9:05  Zergling x26  
  171  9:06  Ravager x6  
  171  9:08  Zergling x4  
  192  9:13  Zerg Ground Armor Level 2, Ravager  
  192  9:14  Zerg Melee Weapons Level 2  
  192  9:16  Zergling x4  
  195  9:22  Zergling x10  
  195  9:27  Zergling x10  
  191  9:36  Corruptor x2  
  191  9:37  Corruptor x2  
  177  9:42  Corruptor  
  177  9:43  Zergling x2  
  177  9:44  Zergling x8  
  177  9:53  Zergling x2  
  177  9:54  Zergling x10  
  177  9:56  Zergling x6  
  186  10:00  Baneling x2  
  186  10:02  Zergling x8  
  186  10:06  Zergling x2  
  186  10:07  Zergling x2  
  192  10:11  Zergling x8  
  195  10:16  Zergling x4  
  195  10:19  Infestation Pit  
  196  10:23  Zerg Flyer Weapons Level 1  
  196  10:27  Zergling x2  
  196  10:28  Zergling x10  
  193  10:36  Zergling x12  
  193  10:40  Baneling x26  
  199  10:47  Zergling x26  
  198  10:55  Zergling x30  
  198  10:58  Corruptor  
  198  11:04  Zergling x2  
  198  11:08  Hive  
  198  11:09  Zergling x4  
  182  11:27  Zergling x2  
  182  11:28  Zergling x2  
  182  11:29  Zergling x32  
  171  11:33  Zergling x4  
  171  11:37  Zergling x8  
  160  11:45  Zergling x2  
  160  11:46  Zergling x14  
  160  11:48  Zergling x14  
  160  11:50  Zergling x2  
  160  11:51  Zergling x4  
  170  11:55  Corruptor x2  
  170  11:56  Hatchery  
  170  11:57  Ravager x2  
  170  11:58  Zergling x6  
  170  11:59  Zergling x2, Hatchery  
  178  12:03  Zergling x8  
  178  12:04  Zergling x4  
  178  12:05  Zergling x2  
  185  12:08  Zergling x2  
  185  12:09  Baneling x11  
  185  12:12  Baneling x9  
  185  12:13  Zergling x6  
  189  12:15  Zergling x4  
  189  12:16  Zergling x4  
  189  12:18  Zerg Flyer Weapons Level 2  
  189  12:20  Zergling x2  
  189  12:21  Zergling x8  
  189  12:22  Zergling x2  
  199  12:23  Baneling x4  
  199  12:29  Baneling x4  
  199  12:32  Zergling x2  
  199  12:33  Baneling  
  199  12:34  Baneling x10  
  200  12:43  Zergling x14  
  159  12:52  Zergling x36  
  159  12:56  Zergling x8  
  142  12:59  Zergling x8  
  142  13:01  Zergling x2  
  142  13:03  Zergling x8  
  143  13:05  Drone x3  
  144  13:13  Drone x4  
  144  13:15  Zergling x2  
  144  13:16  Zergling x14  
  144  13:18  Hatchery  
  155  13:20  Zerg Melee Weapons Level 3  
  155  13:21  Zerg Ground Armor Level 3, Adrenal Glands  
  155  13:22  Drone x2  
  155  13:23  Drone  
  155  13:24  Baneling x2  
  158  13:27  Drone x2  
  158  13:28  Drone x2  
  159  13:36  Corruptor x2  
  159  13:39  Zergling x4  
  159  13:40  Zergling x2  
  164  13:44  Zergling x20  
  169  13:51  Corruptor x2  
  169  13:54  Zergling x8  
  176  13:59  Zergling x8  
  179  14:06  Zergling x4  
  179  14:07  Zergling x12  
  187  14:13  Zergling x10  
  187  14:17  Baneling x4  
  189  14:19  Zergling x10  
  194  14:27  Zergling x14  
  195  14:32  Zergling x6  
  195  14:37  Zergling x4  
  195  14:38  Baneling x22  
  190  14:46  Zergling x16  
  190  14:49  Zergling x4  
  200  14:56  Zergling x4  
  200  14:57  Baneling x8  
  198  15:02  Zergling x14  
  198  15:06  Zergling x8  
  191  15:13  Zergling x8  
  154  15:24  Hatchery  
  154  15:27  Greater Spire  
  147  15:29  Unknown, Drone  
  147  15:30  Baneling x2  
  147  15:31  Zergling x18  
  156  15:36  Drone x2  
  156  15:37  Drone x4  
  156  15:39  Drone  
  156  15:40  Extractor  
  162  15:43  Baneling x2  
  162  15:44  Baneling  
  162  15:45  Zergling x2  
  162  15:46  Zergling x6  
  166  15:51  Drone x2  
  166  15:52  Zergling x16, Extractor x2  
  174  15:58  Burrow  
  174  15:59  Zergling x2  
  174  16:00  Zergling x12  
  174  16:08  Zergling x14  
  174  16:11  Zergling x4, Overseer  
  162  16:12  Overseer  
  162  16:13  Pneumatized Carapace  
  162  16:16  Zergling x14  
  157  16:26  Zergling x16  
  157  16:32  Zergling x12  
  170  16:39  Zergling x2, Drone  
  173  16:40  Zergling x8  
  173  16:42  Baneling  
  173  16:45  Zergling x12  
  177  16:53  Zergling x8  
  171  16:57  Zergling x8  
  171  17:00  Corruptor  
  171  17:01  Corruptor  
  164  17:04  Zergling x2  
  164  17:05  Zergling x2, Baneling x11  
  161  17:14  Zergling x14  
  157  17:15  Zergling x2  
  157  17:16  Overseer x3  
  157  17:20  Zergling x26  
  157  17:22  Zergling x4, Baneling  
  172  17:23  Baneling x2  
  172  17:28  Zergling x8  
  157  17:34  Zergling x8  
  161  17:40  Zergling x10, Zerg Flyer Weapons Level 3  
  161  17:41  Drone  
  161  17:42  Drone  
  161  17:43  Drone  
  169  17:45  Extractor, Baneling  
  169  17:46  Baneling x9  
  169  17:48  Infestor x3  
  169  17:49  Zergling x2  
  169  17:50  Zergling x6  
  169  17:51  Zergling x4  
  180  17:53  Spore Crawler  
  180  17:57  Zergling x4  
  180  17:58  Baneling x2  
  180  17:59  Baneling x10  
  180  18:01  Spore Crawler  
  164  18:09  Zergling x30  
  164  18:11  Zergling x4  
  164  18:12  Zergling x2  
  179  18:14  Zergling x4  
  179  18:15  Overseer  
  179  18:16  Drone x2, Spore Crawler  
  179  18:17  Drone x4  
  181  18:20  Zergling x4  
  181  18:27  Zergling x2  
  181  18:28  Zergling x12  
  181  18:30  Zergling x4  
  187  18:34  Zergling x2  
  187  18:35  Zergling x4  
  187  18:41  Zergling x10  
  184  18:43  Drone x2  
  184  18:48  Zergling x6  
  184  18:54  Zergling x8  
  188  18:56  Baneling x2  
  188  18:58  Zergling x2  
  183  19:06  Zergling x8  
  186  19:18  Zergling x8  
  186  19:19  Zergling x2  
  187  19:27  Zergling x26  
  199  19:43  Baneling x2  
  198  19:51  Drone x3  
  198  20:12  Zergling x8  
  197  20:14  Baneling  
  197  20:15  Baneling x6  
  197  20:17  Baneling x8  
  197  20:20  Infestor  
  184  20:32  Corruptor x8  
  195  20:37  Zergling x2  
  195  20:38  Zergling x20  
Tags
 
Add a new tag
Caveats
  • Supply blocks, unpowered buildings, or Contaminate may cause inaccurate times.
  • Supply counts are checked every 10 seconds.